 Dungeon Crawl Stone Soup version 0.31-a0-986-g5e6e4ef867 (webtiles) character file.

Game seed: 13094948542910061249

34 oldriver the Trooper (level 3, -1/29 HPs)
             Began as a Mummy Fighter on Nov 13, 2023.
             Slain by an iguana (10 damage)
             ... on level 2 of the Dungeon.
             The game lasted 00:00:39 (1057 turns).

oldriver the Trooper (Mummy Fighter)                Turns: 1057, Time: 00:00:40

Health: -1/29      AC:  6    Str: 21    XL:     3   Next: 14%
Magic:  3/3        EV:  9    Int:  7    God:
Gold:   30         SH:  4    Dex: 11    Spells: 2/2 levels left

rFire   x . .        a - +0 flail
rCold   + . .        c - +0 buckler
rNeg    + + +        b - +0 scale mail
rPois   ∞            (no helmet)
rElec   .            (no cloak)
rCorr   .            (no gloves)
SInv    .            (no boots)
Will    .....        (no amulet) Stlth
                     (no ring)
HPRegen 0.24/turn    (no ring)
MPRegen 0.08/turn

%: faith
@: no status effects
A: cold resistance 1, negative energy resistance 3, torment resistance 2, heat
vulnerability 1, in touch with death 1, no potions, faith
a: no special abilities


You were on level 2 of the Dungeon.
You visited 1 branch of the dungeon, and saw 2 of its levels.

You collected 30 gold pieces.

Inventory:

Hand Weapons
 a - a +0 flail (weapon)
Armour
 b - a +0 scale mail (worn)
 c - a +0 buckler (worn)
Scrolls
 e - 4 scrolls of vulnerability {unknown}


   Skills:
 + Level 3.4 Fighting
 * Level 2.6 Maces & Flails
 - Level 2.4 Armour
 - Level 2.4 Shields


You had 2 spell levels left.
You didn't know any spells.
Your spell library contained the following spells:

 Spells                   Type           Power      Damage    Failure   Level
 Summon Hydra             Summ           0%         N/A       100%        7
 Sublimation of Blood     Necr           Unusable   N/A       N/A         2
 Wereblood                Tmut           Unusable   N/A       N/A         2

Dungeon Overview and Level Annotations

Branches:
Dungeon (2/15)

Altars:
Gozag


Innate Abilities, Weirdness & Mutations

You are immune to poison.
Your flesh is cold resistant. (rC+)
You are immune to negative energy. (rN+++)
You are immune to unholy pain and torment.
You are vulnerable to heat. (rF-)
You are in touch with the powers of death.
You do not drink.
You have a special connection with the divine. (Faith)


Message History

You have reached level 3!
Your experience leads to an increase in your attributes!
Increase (S)trength, (I)ntelligence, or (D)exterity?
You feel stronger. x2
You sock the endoplasm!
You kill the endoplasm!
You see here a quokka corpse.
HP restored.
Found 7 stones.
e - 4 scrolls labelled EROOR ITSUBAGU (gained 3)
An iguana comes into view.
An iguana is nearby!
An iguana is nearby!
An iguana is nearby!
An iguana is nearby!
No reachable target in view!
No reachable target in view!
No reachable target in view!
No reachable target in view!
No reachable target in view!
No reachable target in view!
No reachable target in view!
No reachable target in view!
No reachable target in view!
The iguana bites the plant!
The plant begins to die.
The iguana bites the plant!
The plant begins to die.
An iguana is nearby!
An iguana is nearby!
An iguana is nearby!
No reachable target in view!
The iguana bites the plant!
Found a stone staircase leading up.
The iguana bites the plant.
The iguana bites the plant!
A nearby plant withers and dies.
A nearby plant withers and dies.
The iguana bites you.
You barely miss the iguana. The iguana bites you!
You barely miss the iguana. The iguana barely misses you. The iguana bites you!
You barely miss the iguana. The iguana bites you!
You die...

#♣P♣♣♣.P.♣ ♣
♣♣.P.♣..P♣♣ P.
♣..PP♣P...♣.♣..
♣P..♣♣......♣
..♣.♣..♣..♣...#.
.....P..♣........
.♣.♣♣.P.♣P..#..._
♣♣♣..♣.......
♣.@P.P.(§#..
#...P♣lP.♣♣PP(.P
##PP.♣♣..♣ ♣.♣♣
##.. ♣♣§§♣ .. #..
.P♣ ##. ...< #.
#...# #. .#...
.#####


You could see an iguana.

Vanquished Creatures
  A gnoll (D:1)
  An adder (D:2)
  2 endoplasms
  2 goblins (D:1)
  3 hobgoblins (D:1)
  A kobold (D:1)
  2 quokkas
  A bat (D:2)
  A frilled lizard (D:1)
14 creatures vanquished.

Notes
Turn   | Place    | Note
-------+----------+-------------------------------------------
     0 | D:1      | oldriver the Mummy Fighter began the quest for the Orb.
     0 | D:1      | Reached XP level 1. HP: 18/18 MP: 1/1
   464 | D:1      | Reached XP level 2. HP: 8/24 MP: 2/2
   972 | D:2      | Found an opulent altar of Gozag.
   986 | D:2      | Reached XP level 3. HP: 15/29 MP: 3/3
  1057 | D:2      | Slain by an iguana

Illustrated notes

Levels and vault maps discovered:
D:1:      tarquinn_simple_flora_water_f, layout_loops_corners
D:2:      wad_woods_stonehenge, layout_basic,
          hellmonk_ecumenical_altar_arch_garden

Skill      XL: |  1 |
---------------+----+-----
Maces & Flails | 2 |  2.6
Fighting       | |  3.4
Armour         | |  2.4
Shields        | |  2.4

Action                     || total
---------------------------++-------
  Melee: Flail             ||    55
    Use: Scroll            ||     1
 Armour: Scale mail        ||    48
  Dodge: Dodged            ||    27
  Block: Buckler           ||    11

Table legend: (Time is in decaauts)
 A = Elapsed time spent in this place.
 B = Non-inter-level travel time spent in this place.
 C = Inter-level travel time spent in this place.
 D = Time resting spent in this place.
 E = Time spent auto-exploring this place.
 F = Levels seen in this place.
 G = Mean time per level.
                   A        B        C        D        E       F      G
               +--------+--------+--------+--------+--------+-----+--------+
         Total |   1075 |   1046 |     29 |      0 |    897 |   2 |  537.5 |
       Dungeon |   1075 |   1046 |     29 |      0 |    897 |   2 |  537.5 |
               +--------+--------+--------+--------+--------+-----+--------+

Top non-repeatable levels by time:
     D:1: 931 daAuts
     D:2: 144 daAuts
